 Dungeon Crawl Stone Soup version 0.18.1-48-g4cf74bf (webtiles) character file.

90 Jerry the Chiller (level 4, 0/30 HPs)
             Began as a Merfolk Ice Elementalist on Aug 10, 2016.
             Was an Initiate of Kikubaaqudgha.
             Slain by an ogre
             ... wielding a +0 giant club
              (4 damage)
             ... on level 3 of the Dungeon.
             The game lasted 00:10:38 (1929 turns).

Jerry the Chiller (Merfolk Ice Elementalist)        Turns: 1929, Time: 00:10:38

Health: 0/30       AC: 13    Str:  8    XL:     4   Next: 56%
Magic:  7/7        EV: -7    Int: 20    God:    Kikubaaqudgha [......]
Gold:   52         SH:  0    Dex: 14    Spells: 2 memorised, 2 levels left

rFire  + . .     SeeInvis .     f - +0 dagger (venom)
rCold  + . .     Gourm    .     n - +0 gold dragon armour
rNeg   . . .     Faith    .     (no shield)
rPois  +         Spirit   .     (no helmet)
rElec  .         Dismiss  .     (no cloak)
rCorr  .         Reflect  .     k - +0 pair of gloves
SustAt .         Harm     .     (no boots)
MR     .....                    (no amulet)
Stlth  ..........               (no ring)
                                (no ring)

@: brilliant, very slightly contaminated, not resistant to hostile enchantments,
extremely unstealthy
A: change form in water, swift swim
a: Renounce Religion


You were on level 3 of the Dungeon.
You worshipped Kikubaaqudgha.
Kikubaaqudgha was noncommittal.
You were not hungry.

You visited 1 branch of the dungeon, and saw 3 of its levels.

You collected 52 gold pieces.

Inventory:

Hand Weapons
 f - a +0 dagger of venom (weapon)
 m - a +0 hand axe
Missiles
 d - 47 sling bullets (quivered)
Armour
 a - a +0 robe
 k - a +0 pair of gloves (worn)
 n - a +0 gold dragon armour (worn)
Scrolls
 e - a scroll of blinking
 j - a scroll of remove curse
 l - a scroll of identify {unknown}
Potions
 g - a potion of lignification {unknown}
 h - a potion of brilliance
Books
 b - a book of Frost

   Spells                             Type                      Level
   a - Freeze                         Ice                          1
   b - Throw Frost                    Conjuration/Ice              2
   c - Ozocubu's Armour               Charms/Ice                   3
   d - Throw Icicle                   Conjuration/Ice              4
   e - Summon Ice Beast               Ice/Summoning                4
Comestibles
 c - 2 bread rations
 i - a meat ration


   Skills:
 - Level 2.6 Dodging
 - Level 2.1 Stealth
 - Level 2.0 Spellcasting
   Level 0.7 Conjurations
 + Level 1.7 Summonings
 - Level 5.2 Ice Magic


You had 2 spell levels left.
You knew the following spells:

 Your Spells              Type           Power        Failure   Level  Hunger
a - Freeze                Ice            ####         100%        1    #......
b - Summon Ice Beast      Ice/Summ       ####....     100%        4    #####..


Dungeon Overview and Level Annotations

Branches:
Dungeon (3/15)

Altars:
Fedhas
Kikubaaqudgha
Yredelemnul


Message History

The sling bullet hits the ogre but does no damage.
Tossing away (i - inventory):
d - 48 sling bullets (quivered)
Press: ? - help, Shift-Dir - straight line, f/p - ogre
Aim: an ogre, wielding a giant club You toss away a sling bullet.
The sling bullet barely misses the ogre.
The ogre hits you with a giant club!
You hit the ogre.
The ogre is poisoned.
The ogre is lightly wounded.
You hit the ogre.
The ogre looks even sicker.
The ogre is lightly wounded.
The ogre hits you with a giant club!
* * * LOW HITPOINT WARNING * * *
You are too injured to fight recklessly!
Drink which item? (? for menu, Esc to quit)
It was a potion of brilliance.
You feel clever all of a sudden. The ogre hits you with a giant club.
You die...
Kikubaaqudgha rasps: "You have failed me!
Welcome... death!"

#.<...#
.#######.###.#
........(# .#
.#######.###.#######
#.....#.....#
###.###.###.#
#.###.###.#####
#####..............
#(@.......###.>....
#O######### #######
#.. .$.. ....# #....
#(.... #..##.


You could see an ogre.

Vanquished Creatures
  A worker ant (D:2)
  2 adders
  2 worms (D:2)
  2 giant geckos
  2 ball pythons (D:1)
  6 goblins
  4 hobgoblins
  2 jackals
  5 bats
  2 giant newts (D:2)
  8 kobolds
  4 rats
40 creatures vanquished.

Notes
Turn   | Place    | Note
--------------------------------------------------------------
     0 | D:1      | Jerry the Merfolk Ice Elementalist began the quest for the Orb.
     0 | D:1      | Reached XP level 1. HP: 13/13 MP: 3/3
   202 | D:1      | Reached XP level 2. HP: 19/19 MP: 1/5
   241 | D:1      | Reached skill level 4 in Ice Magic
   812 | D:1      | Reached XP level 3. HP: 21/24 MP: 2/6
   992 | D:2      | Found a basalt altar of Yredelemnul.
  1124 | D:2      | Reached skill level 5 in Ice Magic
  1238 | D:2      | Reached XP level 4. HP: 10/30 MP: 7/7
  1450 | D:2      | Found an ancient bone altar of Kikubaaqudgha.
  1451 | D:2      | Found a blossoming altar of Fedhas.
  1456 | D:2      | Became a worshipper of Kikubaaqudgha
  1462 | D:2      | Learned a level 4 spell: Summon Ice Beast
  1840 | D:2      | Reached skill level 1 in Summonings
  1924 | D:3      | Noticed an ogre
  1929 | D:3      | Slain by an ogre

Skill      XL: |  1  2  3  4 |
---------------+-------------+-----
Ice Magic      | 4 5 |  5.2
Summonings     | 1 |  1.7
Dodging        | |  2.6
Stealth        | |  2.1
Spellcasting   | |  2.0
Conjurations   | |  0.7

Action                   |  1- 3 |  4- 6 || total
-------------------------+-------+-------++-------
Melee: Whip              |     9 |       ||     9
       Hand axe          |    41 |       ||    41
       Dagger            |    36 |    20 ||    56
 Cast: Freeze            |    45 |       ||    45
  Use: Scroll            |     3 |       ||     3
       Potion            |     1 |     1 ||     2
  Eat: Chunk             |     1 |       ||     1
       Bread ration      |       |     1 ||     1
       Fruit             |       |     1 ||     1
Armor: Robe              |    20 |       ||    20
       Gold dragon armou |    60 |    35 ||    95
Dodge: Dodged            |    48 |     1 ||    49
